 Dungeon Crawl Stone Soup version 0.30.1-5-ged363bc7ee (webtiles) character file.

Game seed: 2602210240400861506

721 Kurtz the Cleaver (level 7, -3/57 (61) HPs)
             Began as a Tengu Fighter on Sept 19, 2023.
             Succumbed to Dowan's poison
             ... on level 4 of the Dungeon.
             The game lasted 00:02:41 (2732 turns).

Kurtz the Cleaver (Tengu Fighter)                   Turns: 2732, Time: 00:02:41

HP:   -3/57 (61)    AC: 23    Str: 19    XL:     7   Next: 71%
MP:   8/8           EV:  2    Int:  8    God:
Gold: 90            SH:  5    Dex: 19    Spells: 6/6 levels left

rFire   . . .        a - +0 war axe
rCold   . . .        c - +0 buckler
rNeg    . . .        b - melded +0 scale mail
rPois   +            (helmet currently unavailable)
rElec   .            (cloak currently unavailable)
rCorr   .            s - melded +0 pair of gloves
SInv    .            (boots unavailable)
Will    +....        (no amulet)
Stlth   ++           r - ring of willpower
HPRegen 0.29/turn    u - +6 ring of dexterity
MPRegen 0.11/turn

%: no passive effects
@: mighty, lethally poisoned (-3 -> -23), tree-form, drained
A: stationary, stasis, torment immunity, boosted hp, (beak), (talons 3), nimble
flight
a: no special abilities


You were on level 4 of the Dungeon.
You were a tree.
You visited 1 branch of the dungeon, and saw 4 of its levels.

You collected 160 gold pieces.
You spent 70 gold pieces at shops.

Inventory:

Hand Weapons
 a - a +0 war axe (weapon)
Missiles
 t - a poisoned dart (quivered)
Armour
 b - a +0 scale mail (melded)
 c - a +0 buckler (worn)
 s - a +0 pair of gloves (melded)
Jewellery
 r - a ring of willpower (left branch)
 u - a +6 ring of dexterity (right branch)
Scrolls
 e - 3 scrolls of poison {unknown}
 f - 2 scrolls of immolation {unknown}
 h - 3 scrolls of identify
 i - 2 scrolls of enchant weapon {unknown}
 n - a scroll of vulnerability {unknown}
 o - a scroll of blinking {unknown}
 v - 2 scrolls of fear {unknown}
 x - a scroll of magic mapping {unknown}
Potions
 d - 3 potions of might
 g - a potion of haste {unknown}
 k - a potion of berserk rage {unknown}
 l - a potion of lignification
 m - a potion of invisibility {unknown}
 p - a potion of brilliance {unknown}
 q - a potion of curing {unknown}
 w - 2 potions of resistance {unknown}


   Skills:
 - Level 3.0 Fighting
 * Level 9.3 Axes
 - Level 3.2 Armour
 - Level 3.0 Shields


You had 6 spell levels left.
You didn't know any spells.
Your spell library contained the following spells:

 Spells                   Type           Power      Damage    Failure   Level
 Magic Dart               Conj           0%         1d3       50%         1
 Call Imp                 Summ           0%         N/A       63%         2
 Hailstorm                Conj/Ice       0%         3d3       86%         3
 Mephitic Cloud           Conj/Pois/Air  0%         N/A       86%         3
 Ice Form                 Ice/Tmut       0%         N/A       99%         4
 Simulacrum               Ice/Necr       0%         N/A       100%        6


Dungeon Overview and Level Annotations

Branches:
Dungeon (4/15)
 Temple: D:4-7

Altars:
Makhleb
Xom

Shops:
D:2 =   D:3 *


Innate Abilities, Weirdness & Mutations

You are a tree.
Your roots penetrate the ground, keeping you stationary.
You cannot be teleported.
You are immune to unholy pain and torment.
Your maximum health is greatly increased.
Your equipment is partially melded.
((You have a beak for a mouth.))
((You have claws for feet.))
Your magical nature lets you fly swiftly and evasively.


Message History

You feel drained.
You feel very mighty all of a sudden.
You feel very sick.
Duvessa hits you with a +2 short sword of draining.
* * * LOW HITPOINT WARNING * * *
You feel drained.
Unknown command.
You hit Duvessa but do no damage. You peck Duvessa.
You kill Duvessa!
Dowan seems overcome with grief.
Dowan seems to find hidden reserves of power!
You barely miss Dowan.
* * * LOW HITPOINT WARNING * * *
You feel sick. Dowan hits you but does no damage.
You are lethally poisoned!
Dowan hits you with a +2 dagger of venom.
* * * LOW HITPOINT WARNING * * *
You are more poisoned.
Your Axes skill increases to level 9!
You feel much better.
You feel very sick. The ball python barely misses you.
The ball python grabs you. The ball python constricts you.
Dowan hits you with a +2 dagger of venom.
You are more poisoned.
You slice Dowan!! You peck Dowan.
You kill Dowan!
You slash the ball python!
You kill the ball python!
* * * LOW HITPOINT WARNING * * *
You feel extremely sick.
Unknown command.
* * * LOW HITPOINT WARNING * * *
You feel very sick.
Items here: ! ( ) = [ †.
It was a potion of lignification.
You turn into a tree.
Your +0 pair of gloves melds into your body.
Your +0 scale mail melds into your body.
Your roots penetrate the ground.
You die...

###......# #.......##
#.......#######
###...#.....#...#
#.....##........#
#....####..(...####
###......#........#.##
##............).###...#
#......<...(.♣).##....#
##.......##.(#..##.....#
###......#..##........#
##.........#..........
###.......##..........
#.............#......
#..##..#....###......
...###.# .. ..#


There were no monsters in sight!

Vanquished Creatures
  Duvessa (D:4)
  An ogre (D:3)
  A phantom (D:4)
  3 scorpions
  Dowan (D:4)
  A crimson imp (D:3)
  A hound (D:4)
  2 orc wizards (D:3)
  A gnoll (D:1)
  An adder (D:2)
  2 worms (D:2)
  2 dart slugs
  7 orcs
  7 endoplasms
  9 giant cockroaches
  7 goblins
  6 hobgoblins
  5 jackals
  7 quokkas
  6 ball pythons
  A bat (D:2)
  4 frilled lizards
  4 kobolds
  9 rats
89 creatures vanquished.

Notes
Turn   | Place    | Note
-------+----------+-------------------------------------------
     0 | D:1      | Kurtz the Tengu Fighter began the quest for the Orb.
     0 | D:1      | Reached XP level 1. HP: 14/14 MP: 2/2
    71 | D:1      | Reached skill level 3 in Axes
    71 | D:1      | Reached XP level 2. HP: 19/19 MP: 3/3
   426 | D:1      | Reached XP level 3. HP: 21/23 MP: 4/4
   434 | D:1      | Reached skill level 4 in Axes
   869 | D:2      | Reached XP level 4. HP: 28/28 MP: 5/5
  1416 | D:2      | Found Guemurr's Jewellery Shop.
  1442 | D:2      | Reached skill level 5 in Axes
  1555 | D:3      | Gained mutation: Your magical nature lets you fly swiftly
                  | and evasively. [Tengu growth]
  1555 | D:3      | Reached XP level 5. HP: 19/32 MP: 6/6
  1793 | D:3      | Reached skill level 6 in Axes
  1857 | D:3      | Found Mirece's General Store.
  1879 | D:3      | Bought a potion of heal wounds for 50 gold pieces
  1879 | D:3      | Bought a scroll of identify for 20 gold pieces
  2268 | D:3      | Found a shimmering altar of Xom.
  2269 | D:3      | Found a burning altar of Makhleb.
  2421 | D:4      | Reached XP level 6. HP: 37/37 MP: 7/7
  2421 | D:4      | Noticed Duvessa
  2421 | D:4      | Noticed Dowan
  2439 | D:3      | Reached skill level 7 in Axes
  2551 | D:3      | Reached skill level 8 in Axes
  2551 | D:3      | Reached XP level 7. HP: 39/41 MP: 8/8
  2728 | D:4      | Killed Duvessa
  2729 | D:4      | Reached skill level 9 in Axes
  2730 | D:4      | Killed Dowan
  2731 | D:4      | HP: 1/38 [poisoned by Dowan]
  2732 | D:4      | Succumbed to Dowan's poison

Illustrated notes

Levels and vault maps discovered:
D:1:      dpeg_arrival_prison, layout_rooms
D:2:      minmay_chambers_of_twos, layout_loops_cross, serial_shops, shop
D:3:      layout_loops_ring, grunt_temple_overflow_champion_of_chaos,
          serial_shops, shop
D:4:      layout_cave_pools, minmay_fractal_squares_5, uniq_duvessa

Skill      XL: |  1  2  3  4  5  6  7 |
---------------+----------------------+-----
Axes           | 3 4 5 6 8 9 |  9.3
Fighting       | |  3.0
Armour         | |  3.2
Shields        | |  3.0

Action                     |  1- 3 |  4- 6 |  7- 9 || total
---------------------------+-------+-------+-------++-------
  Melee: War axe           |    82 |   101 |    26 ||   209
         Kick              |    16 |    25 |     5 ||    46
         Peck              |     6 |    14 |     5 ||    25
  Throw: Dart              |       |     5 |     5 ||    10
    Use: Potion            |       |       |     4 ||     4
 Armour: Scale mail        |    34 |    33 |     9 ||    76
  Dodge: Dodged            |    37 |    56 |     8 ||   101
  Block: Buckler           |    21 |    18 |     7 ||    46
